AoeStats
← Raposao_SP

Arabia

509745382Analyzed
4v4 RM · 6d ago on Sep 27, 2026· 57m 33s· 8 players
Game mode
Random Map
Map size
Large (8 player)
Population
200
Speed
Normal
Resources
Standard
Victory
Conquest
Starting age
Dark Age
Ending age
Imperial Age
RankedLock teamsTeams togetherTeam positionsShared explorationLock speedFull tech treeHidden civsTurbo modeCheats
Victory
Defeat
🇧🇷 Spanish · Brazil
1135
+12
🇧🇷 Franks · Brazil
1102
+13
🇧🇷 Bulgarians · Brazil
967
+19
🇧🇷 Huns · Brazil
895
+23
🇨🇴 Magyars · Colombia
1143
-21
🇨🇴 Khmer · Colombia
1098
-19
🇨🇴 Khmer · Colombia
1061
-18
🇨🇴 Inca · Colombia
851
-9
kamilo_g_o
6:29 Loom
9:22 Feudal Age
10:18 Double-Bit Axe
11:16 Horse Collar
18:27 Wheelbarrow
18:28 Bloodlines
19:54 Scale Barding Armor
23:16 Castle Age
22:29 Town Watch
22:41 Gold Mining
23:36 Light Cavalry
25:38 Husbandry
27:33 Bow Saw
29:44 Heavy Plow
32:57 Chain Barding Armor
35:57 Hand Cart
41:39 Imperial Age
42:07 Cavalier
43:27 Plate Barding Armor
45:09 Conscription
46:24 Paladin
47:32 Hussar
48:21 Hussar
brandiempres
6:00 Loom
11:23 Feudal Age
14:16 Champi Runner
19:29 Castle Age
20:16 Double-Bit Axe
20:15 Horse Collar
22:29 Pikeman
33:48 Wheelbarrow
34:57 Town Watch
50:21 Bow Saw
50:04 Gold Mining
51:02 Scale Mail Armor
54:27 Forging
hmora
6:56 Loom
9:41 Feudal Age
11:03 Double-Bit Axe
21:23 Castle Age
20:31 Bloodlines
20:28 Gold Mining
21:39 Scale Barding Armor
21:46 Forging
22:44 Chain Barding Armor
26:05 Husbandry
26:07 Horse Collar
39:31 Imperial Age
40:09 Wheelbarrow
42:56 Cavalier
46:46 Pikeman
javier.romero.puentes
5:21 Loom
9:21 Feudal Age
9:47 Double-Bit Axe
9:48 Horse Collar
16:48 Wheelbarrow
17:09 Gold Mining
20:32 Castle Age
19:00 Forging
19:27 Bloodlines
21:00 Scale Barding Armor
20:55 Light Cavalry
22:04 Husbandry
22:27 Chain Barding Armor
22:42 Iron Casting
26:20 Bow Saw
30:08 Hand Cart
35:43 Town Watch
44:01 Imperial Age
43:17 Gold Shaft Mining
48:12 Hussar
49:28 Conscription
49:04 Crossbowman
49:36 Fletching
49:47 Padded Archer Armor
50:19 Bodkin Arrow
50:25 Padded Archer Armor
51:03 Parthian Tactics
53:08 Bracer
53:23 Leather Archer Armor
54:56 Heavy Cavalry Archer
57:28 Plate Barding Armor
57:29 Iron Casting
guilherhand
10:16 Feudal Age
13:47 Loom
23:48 Castle Age
21:55 Double-Bit Axe
23:28 Scale Barding Armor
23:34 Forging
23:19 Horse Collar
24:58 Pikeman
26:08 Bow Saw
33:26 Murder Holes
37:58 Marauders
38:27 Chain Barding Armor
46:23 Imperial Age
45:33 Iron Casting
49:23 Plate Barding Armor
48:25 Elite Tarkan
57:22 Gold Mining
57:24 Stone Mining
Balbinot0101711
7:08 Loom
9:50 Feudal Age
11:41 Double-Bit Axe
13:55 Horse Collar
21:21 Castle Age
19:57 Scale Mail Armor
20:08 Forging
22:33 Chain Mail Armor
22:54 Iron Casting
22:32 Bow Saw
22:49 Squires
23:06 Gambesons
23:45 Pikeman
32:12 Gold Mining
32:59 Wheelbarrow
34:50 Heavy Plow
34:49 Arson
36:56 Hand Cart
37:19 Fletching
40:39 Imperial Age
39:06 Bodkin Arrow
45:49 Halberdier
50:05 Blast Furnace
49:36 Plate Mail Armor
49:07 Bracer
48:54 Town Watch
50:12 Conscription
51:40 Padded Archer Armor
55:02 Gold Shaft Mining
54:25 Stone Mining
55:15 Elite Konnik
56:38 Scale Barding Armor
57:34 Chain Barding Armor
57:30 Leather Archer Armor
57:29 Stirrups
Raposao_SP
10:09 Loom
11:54 Feudal Age
15:52 Castle Age
15:30 Forging
16:40 Husbandry
20:24 Gold Mining
21:41 Iron Casting
23:46 Scale Barding Armor
23:27 Pikeman
28:34 Wheelbarrow
33:24 Scale Mail Armor
33:45 Chain Barding Armor
34:20 Hand Cart
35:52 Town Watch
37:38 Chain Mail Armor
37:59 Stone Mining
43:37 Gold Shaft Mining
51:16 Town Patrol
55:21 Imperial Age
55:28 Cavalier
57:13 Blast Furnace
56:49 Plate Barding Armor
56:17 Chivalry
56:37 Conscription
56:34 Paladin
Lucas Capita
0:28 Loom
10:26 Feudal Age
10:55 Horse Collar
11:01 Double-Bit Axe
18:49 Castle Age
26:37 Heavy Plow
31:46 Fletching
32:37 Bow Saw
33:28 Wheelbarrow
34:49 Hand Cart
39:31 Imperial Age
37:20 Husbandry
39:50 Gold Mining
39:51 Stone Mining
39:59 Stone Mining
39:33 Elite Conquistador
42:41 Conscription
42:59 Hoardings
42:36 Bodkin Arrow
43:14 Bloodlines
42:24 Light Cavalry
43:07 Bracer
43:29 Ballistics
46:41 Chemistry
45:55 Forging
45:51 Scale Barding Armor
45:09 Hussar
47:08 Chain Barding Armor
50:25 Pikeman
51:06 Squires
50:51 Arson
51:52 Halberdier
Connection lost

Rejoining the realm…

Still unreachable

The connection could not be restored.

Session expired

The server has moved on; the page needs a fresh start.